 Dungeon Crawl Stone Soup version 0.26.1-11-gd32895ea62 (webtiles) character file.

Game seed: 6667826997409139330

1388 porpoise the Skirmisher (level 9, -11/63 HPs)
             Began as a Halfling Wanderer on July 19, 2021.
             Was a Believer of Okawaru.
             Mangled by a two-headed ogre
             ... wielding a +0 giant club
              (25 damage)
             ... on level 5 of the Dungeon.
             The game lasted 00:21:49 (5693 turns).

porpoise the Skirmisher (Halfling Wanderer)         Turns: 5693, Time: 00:21:52

Health: -11/63     AC:  9    Str: 19    XL:     9   Next: 0%
Magic:  9/11       EV: 16    Int: 11    God:    Okawaru [**....]
Gold:   223        SH:  7    Dex: 13    Spells: 8/8 levels left

rFire    + . .     SeeInvis .   a - +3 hunting sling (flame)
rCold    + . .     Faith    .   p - +0 buckler
rNeg     . . .     Spirit   .   e - +0 ring mail
rPois    .         Reflect  .   (no helmet)
rElec    .         Harm     .   j - scarf {rC+ rF+}
rCorr    .         Rampage  .   m - +0 pair of gloves
Will     .....                  E - +0 pair of boots "Xeguidghe" {Regen+ Str+3 Slay+3}
Stlth    +++.......             (no amulet)
HPRegen  0.60/turn              (no ring)
MPRegen  0.12/turn              (no ring)

@: heroism
A: small, mutation resistance 1
a: Renounce Religion, Heroism


You were on level 5 of the Dungeon.
You worshipped Okawaru.
Okawaru was pleased with you.
You visited 1 branch of the dungeon, and saw 6 of its levels.
You also visited: Sewer and Ossuary.

You collected 223 gold pieces.

Inventory:

Hand Weapons
 a - a +3 hunting sling of flaming (weapon)
 b - a +2 dagger of venom
 h - a +0 shortbow
 t - a +4 hunting sling
 y - a +0 short sword
Missiles
 d - 72 arrows
 g - 146 stones (quivered ammo)
 i - 19 sling bullets
 s - 26 poisoned darts
 u - 7 silver boomerangs
 w - 4 boomerangs
Armour
 e - a +0 ring mail (worn)
 j - a scarf of resistance (worn)
 m - a +0 pair of gloves (worn)
 p - a +0 buckler (worn)
 E - the +0 pair of boots "Xeguidghe" (worn) {Regen+ Str+3 Slay+3}
   (You found it on level 4 of the Dungeon)

   It affects your strength (+3).
   It affects your accuracy and damage with ranged weapons and melee attacks
   (+3).
   It increases your rate of regeneration.
Scrolls
 c - a scroll of blinking
 f - 2 scrolls of remove curse
 A - 4 scrolls of amnesia
 C - 3 scrolls of fear
 F - a scroll of fog
 G - a scroll of enchant armour {unknown}
Potions
 k - 4 potions of curing
 l - a potion of berserk rage
 n - a potion of heal wounds
 o - 4 potions of magic
 q - 2 potions of attraction
 r - 2 potions of flight
 v - a potion of brilliance
 x - a potion of mutation
 z - 2 potions of haste
 B - a potion of might
 D - a potion of ambrosia {unknown}


   Skills:
 * Level 6.7(11.7) Fighting
 - Level 4.0(9.0) Short Blades
 + Level 6.2(11.2) Slings
 - Level 2.1(7.1) Bows
 * Level 4.0(9.0) Armour
 - Level 2.1(7.1) Stealth
 - Level 4.0(9.0) Shields
 - Level 3.0 Invocations


You had 8 spell levels left.
You didn't know any spells.
Your spell library contained the following spells:

 Spells                   Type           Power        Failure   Level
 Corpse Rot               Necr/Air       N/A          63%         2
 Sublimation of Blood     Necr           0%           63%         2
 Dispel Undead            Necr           0%           99%         4
 Agony                    Necr           0%           100%        5
 Excruciating Wounds      Necr           0%           100%        5


Dungeon Overview and Level Annotations

Branches:
Dungeon (6/15)              Sewer (visited)         Ossuary (visited)
 Temple: D:4-7

Altars:
Fedhas
Makhleb
Okawaru
Ru
Zin
The Shining One


Innate Abilities, Weirdness & Mutations

You are small and have problems with some larger weapons.
You are somewhat resistant to further mutation.


Message History

The stone burns the two-headed ogre.
The two-headed ogre is heavily wounded.
The two-headed ogre closely misses you.
The two-headed ogre hits you but does no damage.
You shoot a stone. The stone hits the two-headed ogre.
The stone burns the two-headed ogre.
The two-headed ogre is heavily wounded.
You shoot a stone. The stone hits the two-headed ogre!
The stone burns the two-headed ogre.
The two-headed ogre is severely wounded.
The two-headed ogre barely misses you. You block the two-headed ogre's attack.
You shoot a stone.
The stone barely misses the two-headed ogre.
You shoot a stone. The stone hits the two-headed ogre!
The stone burns the two-headed ogre.
The two-headed ogre is almost dead.
The two-headed ogre hits you with a +0 giant club!!
* * * LOW HITPOINT WARNING * * *
The two-headed ogre hits you with a cursed -2 giant club!!
You die...

######### ##### #######.....@.#
######.... #.....'.....O.#
#....'.... #.....#.......#
#....#.... ###########.....(.#
#+####....
...........###'#########...#.....
#..........#.....##...##...'.....
#..........#...............#.....
#..........#...............#.....
#..........##+##+#######+###.....


You could see a two-headed ogre.

Vanquished Creatures
  Purgy (Sewer)
  2 ogres
  A centaur (D:5)
  4 water moccasin zombies (Ossuary)
  A scorpion (D:5)
  2 hounds
  A bullfrog skeleton (D:5)
  2 orc wizards (D:4)
  Crazy Yiuf (D:2)
  3 orc priests (D:3)
  Natasha (thrice) (D:4)
  5 worker ants
  A big kobold zombie (Ossuary)
  2 hound skeletons
  2 mummies (Ossuary)
  4 gnolls (D:2)
  4 adders
  A white imp (D:5)
  An ufetubus (D:5)
  2 oozes (D:1)
  5 adder zombies (Ossuary)
  An adder skeleton (D:4)
  3 dart slugs
  3 worms
  4 leopard geckos
  12 orcs
  11 giant cockroaches
  2 gnoll zombies (Ossuary)
  7 goblins
  6 hobgoblins
  2 jackals (D:4)
  3 ball pythons
  9 bats
  5 frilled lizards
  A goblin zombie (D:4)
  2 hobgoblin zombies (Ossuary)
  9 kobolds
  5 kobold zombies (Ossuary)
  3 leopard gecko skeletons
  5 orc zombies (Ossuary)
  A quokka zombie (D:4)
  4 rats
  A bush (D:5)
147 creatures vanquished.

Notes
Turn   | Place    | Note
-------+----------+-------------------------------------------
     0 | D:1      | porpoise the Halfling Wanderer began the quest for the Orb.
     0 | D:1      | porpoise set off with the following items: a +2 dagger, a
                  | scroll of blinking, a +0 shortbow, 21 arrows, a +0 ring
                  | mail
     0 | D:1      | Reached XP level 1. HP: 15/15 MP: 1/1
    84 | D:1      | Reached skill level 1 in Short Blades
    84 | D:1      | Reached XP level 2. HP: 20/20 MP: 2/2
   162 | D:1      | Reached skill level 1 in Slings
   423 | D:1      | Reached XP level 3. HP: 26/26 MP: 3/3
  1177 | D:2      | Reached XP level 4. HP: 31/31 MP: 4/4
  1527 | D:2      | Reached XP level 5. HP: 37/37 MP: 5/5
  1936 | D:2      | Found a glowing silver altar of Zin.
  1964 | D:2      | Found a runed translucent door.
  1965 | D:2      | Noticed Crazy Yiuf
  1976 | D:2      | Killed Crazy Yiuf
  2102 | D:3      | Reached XP level 6. HP: 29/43 MP: 6/6
  2360 | D:3      | Found an iron altar of Okawaru.
  2378 | D:3      | Became a worshipper of Warmaster Okawaru
  2566 | D:3      | Found a burning altar of Makhleb.
  2677 | D:3      | Reached skill level 1 in Shields
  2766 | D:3      | Found a glowing golden altar of the Shining One.
  3075 | D:4      | Noticed Natasha
  3082 | D:4      | Killed Natasha
  3105 | D:4      | Found a sand-covered staircase.
  3162 | Ossuary  | Entered an ossuary
  3300 | Ossuary  | Reached XP level 7. HP: 47/49 MP: 7/7
  3387 | Ossuary  | Reached skill level 5 in Fighting
  3405 | Ossuary  | Reached * piety under Okawaru
  4099 | D:4      | Reached XP level 8. HP: 56/56 MP: 8/8
  4138 | D:4      | Reached skill level 5 in Slings
  4185 | D:4      | Noticed Natasha
  4189 | D:4      | Killed Natasha
  4222 | D:4      | Reached skill level 1 in Invocations
  4321 | D:4      | Got a pair of buzzing boots
  4327 | D:4      | Identified the +0 pair of boots "Xeguidghe" {Regen+ Str+3
                  | Slay+3} (You found it on level 4 of the Dungeon)
  4483 | D:5      | Entered Level 5 of the Dungeon
  4498 | D:4      | Noticed Natasha
  4501 | D:4      | Killed Natasha
  4561 | D:5      | Found a blossoming altar of Fedhas.
  4659 | D:5      | Found a glowing drain.
  4702 | Sewer    | Entered a sewer
  4867 | Sewer    | Noticed Purgy
  4888 | Sewer    | Killed Purgy
  4994 | D:5      | Reached ** piety under Okawaru
  5246 | D:5      | Found a sacrificial altar of Ru.
  5456 | D:5      | Reached XP level 9. HP: 63/63 MP: 11/11
  5683 | D:6      | Noticed a two-headed ogre
  5693 | D:5      | Mangled by a two-headed ogre

Illustrated notes

Levels and vault maps discovered:
D:1:      lightli_iron_boxes, layout_basic
D:2:      minmay_skewed_foursquare, layout_basic, zin_treasury, minmay_ruptured,
          uniq_crazy_yiuf_cottage
D:3:      layout_loops_ring, overflow_temple_1_default, lemuel_doored_altar,
          makhleb_heckhound_becter
D:4:      layout_basic, enter_ossuary_4, uniq_natasha
D:5:      layout_gridville, fedhas_bush_and_centaur_altar, old_standard_altar,
          gup_sewer_entry_glass
D:6:      layout_cave_pools, general_overflow_altar,
          ebering_ghost_reflecting_pool, dk_noncrumbling_2, trog_hazing_becter

Skill      XL: |  1  2  3  4  5  6  7  8 |
---------------+-------------------------+-----
Short Blades   | 1 2 3 4 |  4.0
Fighting       | 3 4 5 6 |  6.7
Slings         | 1 2 3 4 6 |  6.2
Shields        | 2 3 4 |  4.0
Invocations    | 3 |  3.0
Armour         | 4 |  4.0
Bows           | |  2.1
Stealth        | |  2.1

Action                   |  1- 3 |  4- 6 |  7- 9 || total
-------------------------+-------+-------+-------++-------
Melee: Dagger            |     1 |       |    63 ||    64
       Short sword       |    28 |    38 |       ||    66
 Fire: Hunting sling     |    56 |   175 |   242 ||   473
Invok: Heroism           |       |       |     2 ||     2
  Use: Potion            |       |     1 |       ||     1
       Scroll            |       |     8 |     8 ||    16
Armor: Ring mail         |    14 |    20 |    44 ||    78
Dodge: Dodged            |    22 |    49 |    75 ||   146
Block: Buckler           |       |       |    27 ||    27
